 Dungeon Crawl Stone Soup version 0.24-a0-317-g5cb8de4b22 (webtiles) character file.

Game seed: 8311301793408695823

75 HAL9000 the Sneak (level 4, 0/23 HPs)
             Began as a Vine Stalker Assassin on May 16, 2019.
             Succumbed to a killer bee's poison
             ... on level 3 of the Dungeon.
             The game lasted 00:02:52 (2286 turns).

HAL9000 the Sneak (Vine Stalker Assassin)           Turns: 2286, Time: 00:02:53

Health: 0/23       AC:  7    Str: 14    XL:     4   Next: 31%
Magic:  1/5        EV: 11    Int: 11    God:
Gold:   76         SH:  0    Dex: 16    Spells: 3/3 levels left

rFire    . . .     SeeInvis .   p - +0 dagger (drain)
rCold    . . .     Gourm    .   (no shield)
rNeg     . . .     Faith    .   m - +0 leather armour
rPois    .         Spirit   +   q - +1 helmet (curse)
rElec    .         Reflect  .   c - +0 cloak
rCorr    .         Harm     .   (no gloves)
MR       .....                  n - +0 pair of boots
Stlth    +++.......             (no amulet)
HPRegen  0.47/turn              (no ring)
MPRegen  0.09/turn              (no ring)

@: lethally poisoned (0 -> -4), lightly drained
A: fangs 2, regeneration 1, magic shield, antimagic bite, no potion heal 3, rot
immunity
a: no special abilities


You were on level 3 of the Dungeon.
You were not hungry.

You visited 1 branch of the dungeon, and saw 3 of its levels.

You collected 76 gold pieces.

Inventory:

Hand Weapons
 a - a +2 dagger
 p - a +0 dagger of draining (weapon)
Missiles
 d - 8 poisoned darts (quivered)
 e - 2 curare-tipped darts
Armour
 c - a +0 cloak (worn)
 m - a +0 leather armour (worn)
 n - a +0 pair of boots (worn)
 q - a cursed +1 helmet (worn)
Scrolls
 b - a scroll of remove curse {unknown}
 i - a scroll of immolation {unknown}
 k - a scroll of magic mapping
 l - a scroll of identify {unknown}
 o - 2 scrolls of teleportation {unknown}
 t - a scroll of noise {unknown}
Potions
 h - a potion of mutation {unknown}
 j - a potion of curing {unknown}
 r - a potion of heal wounds {unknown}
Comestibles
 f - 3 rations
 s - 2 chunks of flesh


   Skills:
 - Level 1.7(1.6) Fighting
 + Level 4.0(3.9) Short Blades
 - Level 1.7(1.6) Throwing
 - Level 0.7(0.6) Dodging
 - Level 4.8(4.7) Stealth


You had 3 spell levels left.
You didn't know any spells.
Your spell library was empty.

Dungeon Overview and Level Annotations

Branches:
Dungeon (3/15)

Altars:
The Shining One


Innate Abilities, Weirdness & Mutations

You have extremely sharp teeth.
Your natural rate of healing is unusually fast.
When hurt, damage is shared between your health and your magic reserves.
Your bite disrupts and absorbs the magic of your enemies.
Potions cannot restore your health.
You are immune to rotting.


Message History

The killer bee poisons you!
There is an open door here.
As you read the scroll labeled ZEUPSE MUOZXI, it crumbles to dust.
It is a scroll of enchant armour.
Your cursed +0 helmet glows green for a moment.
You feel sick. The killer bee barely misses you. x2
The killer bee closely misses you.
The killer bee stings you but does no damage. x2
Unknown command.
As you read the scroll labeled SOBBAG VEEVIFINON, it crumbles to dust.
You feel aware of your surroundings.
You sensed 1 altar.
It was a scroll of magic mapping.
You feel sick. The killer bee barely misses you.
The killer bee closely misses you. The killer bee barely misses you.
The killer bee stings you.
* * * LOW HITPOINT WARNING * * *
You are more poisoned.
The killer bee poisons you! The killer bee stings you.
* * * LOW HITPOINT WARNING * * *
The killer bee barely misses you.
You die...

****************####.**********
,,,,,,,,,,,,,,,......,_,,,,,,,*
,,,,,,***####**#.#.#.#########*
,,,,,,,,,....,,..............#
,,*,*,**......,#.#.#.......#.####
,,*,*,*#......,#.#...............
,,,,*,*#.......#.#.........#.##..
,,,,,,,........#.#.....#####.##..
**,,,,,,...#....@......#####.##..
,,,,,,,,*#....##'#.#.............
*,,,,,,,*#....yyyy.#.....#....#..
*,,,,,,**#....gyy........#....#..
,,,,,,,**#...)...........#....#..
,,,,,,,..........................
,,,,,,,..............###.#...,,..
,,,*,*,.......####...# *.#....,..
**,*,*,.......* #...# *.#,...,..


You could see 5 killer bees and a goblin.

Vanquished Creatures
  Robin (D:2)
  An adder (D:3)
  An ooze (D:1)
  A worm (D:2)
  2 dart slugs (D:3)
  2 bats
  3 giant cockroaches (D:1)
  15 goblins
  8 hobgoblins
  A frilled lizard (D:2)
  2 kobolds (D:1)
  5 rats
42 creatures vanquished.

Notes
Turn   | Place    | Note
-------+----------+-------------------------------------------
     0 | D:1      | HAL9000 the Vine Stalker Assassin began the quest for the
                  | Orb.
     0 | D:1      | Reached XP level 1. HP: 11/11 MP: 2/2
   268 | D:1      | Reached XP level 2. HP: 15/15 MP: 3/3
  1073 | D:2      | Noticed Robin
  1075 | D:2      | Reached XP level 3. HP: 16/18 MP: 4/4
  1303 | D:2      | Killed Robin
  1409 | D:2      | Found a glowing golden altar of the Shining One.
  1933 | D:3      | Gained mutation: Your natural rate of healing is unusually
                  | fast. [Vine Stalker growth]
  1933 | D:3      | Reached XP level 4. HP: 23/23 MP: 5/5
  2285 | D:3      | HP: 1/23 [killer bee (5)]
  2286 | D:3      | Succumbed to a killer bee's poison

Levels and vault maps discovered:
D:1:      saegor_arrival_simple_e, layout_basic
D:2:      layout_basic, gammafunk_temple_overflow_statue, lemuel_doored_altar,
          uniq_terence, uniq_robin, uniq_natasha
D:3:      layout_basic, overflow_temple_1_default

Skill      XL: |  1  2  3  4 |
---------------+-------------+-----
Short Blades   | 2 3 4 |  4.0
Fighting       | |  1.7
Throwing       | |  1.7
Dodging        | |  0.7
Stealth        | |  4.8

Action                   |  1- 3 |  4- 6 || total
-------------------------+-------+-------++-------
Melee: Dagger            |    93 |    13 ||   106
       Bite              |    25 |     4 ||    29
Throw: Dart              |     9 |       ||     9
  Use: Scroll            |       |     2 ||     2
 Stab: Sleeping          |    11 |     1 ||    12
  Eat: Chunk             |     2 |     2 ||     4
Armor: Leather armour    |    13 |     6 ||    19
       Robe              |     1 |       ||     1
Dodge: Dodged            |    43 |    12 ||    55

Table legend:
 A = Non-vault XP
 B = Vault XP
 C = Vault XP percentage of total XP
 D = Non-vault monster count
 E = Vault monster count
 F = Vault count percentage of total count
                 A         B        C        D         E       F
            +---------+---------+-------+---------+---------+-------
      Total |      74 |      34 |  31.5 |      31 |      11 |  26.2
            +---------+---------+-------+---------+---------+-------
        D:1 |      30 |       1 |   3.2 |      16 |       1 |   5.9
        D:2 |      15 |      33 |  68.8 |       7 |      10 |  58.8
        D:3 |      29 |       0 |   0.0 |       8 |       0 |   0.0
            +---------+---------+-------+---------+---------+-------
